 Dungeon Crawl Stone Soup version 0.18-a0-824-g47fe746 (webtiles) character file.

8 Raultor the Slasher (level 2, 19/22 HPs)
             Began as a Demonspawn Gladiator on Dec 17, 2015.
             Quit the game on level 1 of the Dungeon.
             The game lasted 00:00:49 (161 turns).

Raultor the Slasher (Demonspawn Gladiator)           Turns: 161, Time: 00:00:49

Health: 19/22      AC:  3    Str: 15    XL:     2   Next: 0%
Magic:  2/2        EV: 12    Int:  9    God:
Gold:   27         SH:  0    Dex: 13    Spells: 0 memorised, 1 level left

rFire  . . .     SeeInvis .     a - +0 long sword
rCold  . . .     Gourm    .     b - +0 leather armour
rNeg   . . .     Faith    .     (no shield)
rPois  .         Spirit   .     (helmet restricted)
rElec  .         Dismiss  .     (no cloak)
rCorr  .         Reflect  .     (no gloves)
SustAt .         Harm     .     (no boots)
MR     .....                    (no amulet)
Stlth  +.........               (no ring)
                                (no ring)

@: not resistant to hostile enchantments, very unstealthy
A: antennae 1
a: no special abilities


You were on level 1 of the Dungeon.
You were not hungry.

You visited 1 branch of the dungeon, and saw 1 of its levels.

You collected 27 gold pieces.

Inventory:

Hand Weapons
 a - a +0 long sword (weapon)
Missiles
 d - 3 throwing nets {=f, !d}
Armour
 b - a +0 leather armour (worn)
 c - a +0 helmet
Scrolls
 i - a scroll of identify {unknown}
Potions
 e - a potion of flight {unknown}
 h - a potion of cancellation {unknown}
 j - a potion of resistance {unknown}
Comestibles
 f - a bread ration {@e1}
 g - 3 chunks of flesh {@w0}


   Skills:
 + Level 2.0 Fighting
 * Level 3.0 Long Blades
 - Level 1.7 Throwing
 + Level 0.6 Armour
 - Level 2.6 Dodging


You had one spell level left.
You didn't know any spells.

Dungeon Overview and Level Annotations

Branches:
Dungeon (1/15)

Altars:


Innate Abilities, Weirdness & Mutations

You have a pair of small antennae on your head.


Message History

The goblin shouts!
You hear a shout!
A goblin comes into view.
You closely miss the goblin.
The goblin moves out of view.
The goblin completely misses you.
You hit the goblin. The goblin hits you with a club.
You take 5 damage, and have 11/16 hp.
MASSIVE DAMAGE!!
You closely miss the goblin. The goblin hits you but does no damage.
You hit the goblin.
You kill the goblin!
A kobold comes into view. It is wielding a dagger of protection.
The kobold shouts!
The goblin hits you but does no damage.
Things that are here:
a club; a goblin corpse You hit the goblin.
The goblin closely misses you.
You hit the goblin.
You kill the goblin!
You see here a goblin corpse.
The kobold hits you but does no damage.
You barely miss the kobold. The kobold hits you but does no damage.
You miss the kobold.
The kobold hits you with a dagger of protection.
The kobold hits you but does no damage.
You take 1 damage, and have 11/16 hp.
You hit the kobold. The kobold barely misses you.
You hit the kobold.
You kill the kobold!
No target in view!
Things that are here:
a dagger of protection; a kobold corpse You see here a goblin corpse.
You butcher the goblin corpse.
g - 3 chunks of flesh {@w0} You start resting.
A bat comes into view.
No target in view!
No target in view!
No target in view!
You see here a green potion.
The bat misses you.
Things that are here:
a dagger of protection; a kobold corpse The bat hits you but does no damage. x2
You barely miss the bat. The bat hits you but does no damage.
The bat misses you. The bat hits you.
Things that are here:
a dagger of protection; a kobold corpse You take 1 damage, and have 11/16 hp.
The bat closely misses you. The bat barely misses you.
You miss the bat. The bat hits you but does no damage.
You barely miss the bat. The bat barely misses you. The bat barely misses you.
You slash the bat!
You kill the bat!
No target in view!
No target in view!
e - a green potion You now have 16 gold pieces (gained 10).
You see here a club.
h - a murky pink potion
i - a scroll labeled YDGHODE RIOPP
j - a white potion You now have 27 gold pieces (gained 11). 2 bats come into view.
The bat completely misses you.
You closely miss the bat. The bat hits you but does no damage.
The bat hits you but does no damage. The bat hits you but does no damage. x2
You slash the bat!
You kill the bat!
The bat completely misses you.
You barely miss the bat. The bat hits you but does no damage.
The bat misses you.
You see here a bat corpse.
You closely miss the bat. The bat hits you but does no damage.
The bat barely misses you.
A hobgoblin comes into view. It is wielding a club.
The hobgoblin shouts!
The bat hits you.
You hit the bat. The bat hits you but does no damage.
The bat barely misses you.
You slash the hobgoblin!
You kill the hobgoblin!
The bat misses you. The bat closely misses you. The bat hits you.
Things that are here:
a club; a hobgoblin corpse You take 1 damage, and have 14/16 hp.
You hit the bat.
You kill the bat!
Your Long Blades skill increases to level 3!
You have reached level 2!
Your demonic ancestry asserts itself...
A pair of antennae grows on your head!
Your +0 helmet falls away!
You regained 5 hp, and now have 19/22 hp.
MP restored: 2

.......# #.#.. .####.##
#.#.#
.####.#######.#.#####..
.......................
.####.#######.#†..###.
.# #.# #.#.#.# ## #.#
###.#.#.### ## #.#
#.....@...# .# #.#
#............# .# #.#
#...?#....##.# .####.#
......####..... ......+
...... ...... .####.#
...... ...### .# #.#
.....# %## .## #.#
..... .#


There were no monsters in sight!

Vanquished Creatures
  2 goblins (D:1)
  A hobgoblin (D:1)
  A kobold (D:1)
  3 bats (D:1)
7 creatures vanquished.

Notes
Turn   | Place    | Note
--------------------------------------------------------------
     0 | D:1      | Raultor the Demonspawn Gladiator began the quest for the Orb.
     0 | D:1      | Reached XP level 1. HP: 16/16 MP: 1/1
     2 | D:1      | Noticed a vine stalker
     3 | D:1      | Noticed a tengu
     5 | D:1      | Noticed an octopode
     7 | D:1      | Noticed a ghoul
     7 | D:1      | Noticed a gargoyle
     9 | D:1      | Noticed a demigod
     9 | D:1      | Noticed a vampire
    11 | D:1      | Noticed a troll
    11 | D:1      | Noticed a centaur
    13 | D:1      | Noticed a demonspawn
    15 | D:1      | Noticed a naga
    15 | D:1      | Noticed a draconian
    19 | D:1      | Noticed a felid
    19 | D:1      | Noticed a dwarf
    21 | D:1      | Noticed a human
    23 | D:1      | Noticed a formicid
    23 | D:1      | Noticed an elf
    25 | D:1      | Noticed an ogre
    25 | D:1      | Noticed a minotaur
    27 | D:1      | Noticed a merfolk
    27 | D:1      | Noticed a spriggan
   160 | D:1      | Reached skill level 3 in Long Blades
   160 | D:1      | Gained mutation: You have a pair of small antennae on your head. [demonic ancestry]
   160 | D:1      | Reached XP level 2. HP: 19/22 MP: 2/2
   161 | D:1      | Quit the game

Vault maps used:
D:1:      kb_arrival_jail, st_stairs_5, ashenzari_altar_1

Action                   || total
-------------------------++-------
Melee: Long sword        ||    21

Vault maps used:
D:1:      kb_arrival_jail, st_stairs_5, ashenzari_altar_1

Table legend:
 A = Turns spent in this place as a percentage of turns spent in the entire game.
 B = Non-inter-level travel turns spent in this place as a percentage of non-inter-level travel turns spent in the entire game.
 C = Inter-level travel turns spent in this place as a percentage of turns spent in this place.
 D = Turns resting spent in this place as a percentage of non-inter-level travel turns spent in this place.
 E = Turns spent auto-exploring this place as a percentage of non-inter-level travel turns spent in this place.
 F = Non-inter-level travel turns spent in this place divided by the number of levels of this place that you've seen.
                   A       B       C       D       E      F
               +-------+-------+-------+-------+-------+----------------------
         Total | 100.0 | 100.0 |   0.0 |   3.3 |  13.3 |  60.0
       Dungeon | 100.0 | 100.0 |   0.0 |   3.3 |  13.3 |  60.0
               +-------+-------+-------+-------+-------+----------------------

Table legend:
 A = Kills in this place as a percentage of kills in entire the game.
 B = Kills by you in this place as a percentage of kills by you in the entire game.
 C = Kills by friends in this place as a percentage of kills by friends in the entire game.
 D = Other kills in this place as a percentage of other kills in the entire game.
 E = Experience gained in this place as a percentage of experience gained in the entire game.
 F = Experience gained in this place divided by the number of levels of this place that you have seen.
                   A       B       C       D       E      F
               +-------+-------+-------+-------+-------+----------------------
         Total | 100.0 | 100.0 |  -nan |  -nan | 100.0 |  12.0
       Dungeon | 100.0 | 100.0 |  -nan |  -nan | 100.0 |  12.0
               +-------+-------+-------+-------+-------+----------------------
